 Dungeon Crawl Stone Soup version 0.25.1-8-g42b30a86e7 (webtiles) character file.

Game seed: 17217150722196002827

14028 Clowwww the Cleaver (level 11, -9/78 HPs)
             Began as a Demonspawn Fighter on Dec 26, 2020.
             Was an Elder of Trog.
             Mangled by a bone dragon (12 damage)
             ... on level 2 of the Abyss.
             The game lasted 00:29:52 (9998 turns).

Clowwww the Cleaver (Demonspawn Fighter)            Turns: 9998, Time: 00:29:53

Health: -9/78      AC: 13    Str: 19    XL:     11   Next: 83%
Magic:  0/11       EV: 17    Int:  9    God:    Trog [****..]
Gold:   546        SH: 10    Dex: 14    Spells: 10/10 levels left

rFire    + . .     SeeInvis .   C - +5 war axe (vamp)
rCold    x . .     Gourm    .   c - +0 kite shield
rNeg     . . .     Faith    .   E - +5 acid dragon scales
rPois    .         Spirit   +   (helmet unavailable)
rElec    .         Reflect  .   w - +0 cloak
rCorr    +         Harm     .   (no gloves)
MR       .....                  (no boots)
Stlth    ++........             k - amulet of regeneration
HPRegen  0.63/turn              s - ring of fire
MPRegen  0.12/turn              (no ring)

@: agile, berserk cooldown, slowed, very slow
A: horns 3, frail 1, powered by pain 2, magic shield
a: Berserk, Trog's Hand, Brothers in Arms, Renounce Religion


You were on level 2 of the Abyss.
You worshipped Trog.
Trog was greatly pleased with you.
You were near starving.

You visited 2 branches of the dungeon, and saw 12 of its levels.
You visited the Abyss 1 time.

You collected 546 gold pieces.

Inventory:

Hand Weapons
 j - the +9 mace of Ulimm {vorpal, Int+3 Dex+3}
   (You found it on level 7 of the Dungeon)

   It inflicts extra damage upon your enemies.
   It affects your intelligence (+3).
   It affects your dexterity (+3).
 C - a +5 vampiric war axe (weapon)
Missiles
 a - 5 boomerangs of dispersal
 o - 3 throwing nets
 r - 2 silver javelins
 v - 6 javelins
 A - 21 boomerangs (quivered)
Armour
 c - a +0 kite shield (worn)
 w - a +0 cloak (worn)
 E - +5 acid dragon scales (worn)
Jewellery
 b - a cursed amulet of inaccuracy {unknown}
 k - an amulet of regeneration (around neck)
 s - a ring of fire (left hand)
 t - an uncursed amulet of reflection {unknown}
 F - a +6 ring of intelligence
Wands
 l - a wand of acid (5)
 y - a wand of enslavement (17)
 B - a wand of flame (10)
Scrolls
 e - 8 scrolls of remove curse
 n - 5 scrolls of teleportation
 z - 2 scrolls of blinking
 G - a scroll of noise {unknown}
Potions
 d - 3 potions of might
 g - 6 potions of curing
 h - a potion of haste
 i - 3 potions of magic
 p - 2 potions of stabbing
 u - 2 potions of flight
 x - 2 potions of invisibility
 D - 2 potions of brilliance
Comestibles
 f - 20 rations
 q - 2 chunks of flesh


   Skills:
 + Level 8.8 Fighting
 + Level 12.0 Axes
 + Level 3.3 Throwing
 + Level 6.0 Armour
 + Level 5.0 Dodging
 + Level 3.0 Stealth
 + Level 6.5 Shields
 + Level 0.1 Evocations


You had 10 spell levels left.
You didn't know any spells.
Your spell library was empty.

Dungeon Overview and Level Annotations

Branches:
Dungeon (11/15)            Temple (1/1) D:5            Lair (0/6) D:8
    Orc (0/2) D:9

Altars:
Ashenzari
Cheibriados
Dithmenos
Gozag
Hepliaklqana
Kikubaaqudgha
Makhleb
Nemelex Xobeh
Qazlal
Ru
Trog
Vehumet
Wu Jian
Xom
Zin
The Shining One

Shops:
D:5 }

Annotations:
D:11 Sonja


Innate Abilities, Weirdness & Mutations

You have a pair of large horns on your head.
You sometimes gain power by taking damage.
When hurt, damage is shared between your health and your magic reserves.
You are frail. (-10% HP)


Message History

You block the bone dragon's attack. The bone dragon closely misses you. x2
Your ogre barely misses the bone dragon.
The bone dragon bites you but does no damage.
The bone dragon barely misses you. The bone dragon tramples you!
You stumble backwards!
You barely miss the bone dragon.
The bone dragon is moderately damaged.
Your ogre hits the bone dragon with a +0 giant spiked club!!!
The bone dragon closely misses you. The bone dragon completely misses you.
The bone dragon misses you.
Your ogre hits the bone dragon with a +0 giant spiked club!
You completely miss the large abomination.
You hit the bone dragon but do no damage.
You feel a little less agile now. The large abomination hits you!!
* * * LOW HITPOINT WARNING * * *
You focus on the pain.
You feel agile all of a sudden. The bone dragon bites you!
You die...

. ## .#.# .. #..##
.#. ..#....###... ..#
..#....#.....#. ..#
.. ##..#............
.### ...............
.. . .#...#.##.....
...... #.##
.ยง##..#.... ....#
#.#.#..#...## ...## .
## #
.###.....@X#.....#..
#. .###.#...D.......
. #
.#.###.....O.........
. #.
.##.............. . #
#.#......#.....#..
......#.####...##.#.#
...# #....#.####
#...# # ######. .##..
.. ## # #


You could see a bone dragon, a large abomination and a friendly ogre (summoned,
berserk).

Vanquished Creatures
  A dancing weapon (Abyss:2)
  3 two-headed ogres
  An ugly thing (D:10)
  A worldbinder (Abyss:2)
  Psyche (D:10)
  Maggie (D:6)
  An efreet (Abyss:2)
  A hippogriff (D:9)
  2 raiju (Abyss:2)
  A shadow (D:11)
  5 yaks (D:10)
  A fire bat (Abyss:2)
  A wyvern (D:8)
  2 basilisks (D:8)
  Grum (D:9)
  A neqoxec (Abyss:2)
  A water moccasin (D:8)
  4 porcupines (D:8)
  5 orc warriors
  2 ice beasts
  7 sky beasts
  3 black bears
  2 phantoms (D:10)
  An ogre (D:8)
  5 centaurs
  6 wolves
  3 crocodiles (D:8)
  A big kobold (D:7)
  5 bullfrogs
  3 scorpions
  8 killer bees
  8 howler monkeys
  A crimson imp (D:8)
  2 centaur zombies
  7 hounds
  2 bullfrog zombies
  2 gnoll shamans
  4 orc priests
  Crazy Yiuf (D:3)
  3 bullfrog skeletons
  6 iguanas
  11 orc wizards
  4 worker ants
  A hound zombie (D:7)
  A hound skeleton (D:5)
  3 worker ant zombies
  Robin (D:2)
  28 gnolls
  12 adders
  3 shadow imps
  5 oozes
  2 adder skeletons
  An adder zombie (D:10)
  2 worms (D:3)
  3 dart slugs
  5 leopard geckos
  53 orcs
  2 ball pythons
  8 bats
  5 giant cockroaches
  16 goblins
  8 hobgoblins
  17 jackals
  6 quokkas
  7 frilled lizards
  A jackal skeleton (D:7)
  12 kobolds
  A leopard gecko skeleton (D:4)
  A leopard gecko zombie (D:6)
  A quokka skeleton (D:5)
  A quokka zombie (D:9)
  9 rats
  3 plants (D:8)
349 creatures vanquished.

Vanquished Creatures (collateral kills)
  A thrashing horror (Abyss:2)
  3 raiju (Abyss:2)
  A hungry ghost (Abyss:2)
  A neqoxec (Abyss:2)
6 creatures vanquished.

Vanquished Creatures (others)
  A fungus (D:8)
  A plant (D:8)
2 creatures vanquished.

Grand Total: 357 creatures vanquished

Notes
Turn   | Place    | Note
-------+----------+-------------------------------------------
     0 | D:1      | Clowwww the Demonspawn Fighter began the quest for the Orb.
     0 | D:1      | Reached XP level 1. HP: 18/18 MP: 1/1
   151 | D:1      | Reached skill level 2 in Axes
   151 | D:1      | Gained mutation: You sometimes gain a little power by
                  | taking damage. [demonic ancestry]
   151 | D:1      | Reached XP level 2. HP: 22/24 MP: 2/2
   382 | D:1      | Found a shattered altar of Ashenzari.
   442 | D:1      | Gained mutation: You have a pair of small horns on your
                  | head. [demonic ancestry]
   442 | D:1      | Reached XP level 3. HP: 29/29 MP: 3/3
   997 | D:2      | Noticed a sky beast
  1016 | D:2      | Killed a sky beast
  1016 | D:2      | Reached skill level 3 in Axes
  1016 | D:2      | Gained mutation: You sometimes gain power by taking damage.
                  | [demonic ancestry]
  1016 | D:2      | Reached XP level 4. HP: 18/36 MP: 4/4
  1173 | D:2      | Gained mutation: When hurt, damage is shared between your
                  | health and your magic reserves. [demonic ancestry]
  1173 | D:2      | Reached XP level 5. HP: 41/41 MP: 5/5
  1401 | D:2      | Reached skill level 1 in Dodging
  1598 | D:2      | HP: 2/42 [gnoll/+0 spear (2)]
  1981 | D:2      | Reached skill level 4 in Axes
  2026 | D:2      | Gained mutation: You have a pair of horns on your head.
                  | [demonic ancestry]
  2026 | D:2      | Reached XP level 6. HP: 48/48 MP: 6/6
  2215 | D:2      | Noticed Robin
  2251 | D:2      | Killed Robin
  2552 | D:3      | Found an opulent altar of Gozag.
  2552 | D:3      | Found a burning altar of Makhleb.
  2897 | D:3      | Found a runed translucent door.
  2898 | D:3      | Noticed Crazy Yiuf
  2903 | D:3      | Killed Crazy Yiuf
  3799 | D:4      | Found an ancient bone altar of Kikubaaqudgha.
  3857 | D:5      | Entered Level 5 of the Dungeon
  3964 | D:5      | Reached XP level 7. HP: 47/54 MP: 4/7
  4094 | D:5      | Reached skill level 5 in Axes
  4138 | D:5      | Found Cesegrogo's Gadget Boutique.
  4172 | D:5      | Found an ornate altar of the Wu Jian Council.
  4260 | D:5      | Found a snail-covered altar of Cheibriados.
  4416 | D:5      | Found a radiant altar of Vehumet.
  4464 | D:5      | Reached skill level 5 in Fighting
  4653 | D:5      | Found a staircase to the Ecumenical Temple.
  4689 | Temple   | Entered the Ecumenical Temple
  4753 | Temple   | Became a worshipper of Trog the Wrathful
  5127 | D:6      | Reached XP level 8. HP: 53/62 MP: 8/8
  5127 | D:6      | Reached skill level 6 in Axes
  5256 | D:6      | Found a glowing golden altar of the Shining One.
  5483 | D:6      | Reached * piety under Trog
  5855 | D:6      | Reached skill level 1 in Throwing
  5906 | D:6      | Noticed Maggie
  5923 | D:6      | Killed Maggie
  5923 | D:6      | Reached skill level 7 in Axes
  5923 | D:6      | Reached skill level 5 in Armour
  6391 | D:7      | Reached XP level 9. HP: 59/69 MP: 7/9
  6516 | D:7      | Reached skill level 1 in Stealth
  6684 | D:7      | Got an encrusted mace
  6685 | D:7      | Identified the +9 mace of Ulimm {vorpal, Int+3 Dex+3} (You
                  | found it on level 7 of the Dungeon)
  6699 | D:7      | Found a sparkling altar of Nemelex Xobeh.
  6885 | D:7      | Found a sparkling altar of Nemelex Xobeh.
  7068 | D:7      | Found a shadowy altar of Dithmenos.
  7112 | D:7      | Found a sacrificial altar of Ru.
  7263 | D:8      | Reached skill level 8 in Axes
  7319 | D:8      | Reached ** piety under Trog
  7411 | D:8      | Reached skill level 9 in Axes
  7424 | D:8      | Reached skill level 5 in Shields
  7474 | D:8      | Reached XP level 10. HP: 34/77 MP: 3/10
  7576 | D:8      | Found a staircase to the Lair.
  7958 | D:8      | Found a stormy altar of Qazlal.
  8060 | D:9      | Reached *** piety under Trog
  8260 | D:9      | Reached skill level 10 in Axes
  8378 | D:9      | Noticed a two-headed ogre
  8388 | D:9      | Killed a two-headed ogre
  8389 | D:9      | Noticed Grum
  8404 | D:9      | Killed Grum
  8410 | D:9      | Got a steaming scale mail
  8411 | D:9      | Identified the +4 scale mail of the Catfish {Regen+} (You
                  | found it on level 9 of the Dungeon)
  8427 | D:9      | Found a staircase to the Orcish Mines.
  8550 | D:9      | Reached **** piety under Trog
  8621 | D:9      | Noticed a two-headed ogre
  8633 | D:9      | Killed a two-headed ogre
  8633 | D:9      | Gained mutation: You have a pair of large horns on your
                  | head. [demonic ancestry]
  8633 | D:9      | Reached XP level 11. HP: 56/85 MP: 5/11
  8904 | D:10     | Entered Level 10 of the Dungeon
  9014 | D:10     | Noticed a two-headed ogre
  9024 | D:10     | Killed a two-headed ogre
  9024 | D:10     | Reached skill level 11 in Axes
  9403 | D:10     | Noticed a purple ugly thing
  9416 | D:10     | Killed a purple ugly thing
  9456 | D:10     | Noticed Psyche
  9466 | D:10     | Killed Psyche
  9754 | D:11     | Reached ***** piety under Trog
  9762 | D:11     | Noticed Sonja
  9773 | D:11     | Cast into level 2 of the Abyss (Sonja)
  9776 | Abyss:2  | Found a corrupted altar of Lugonu.
  9853 | Abyss:2  | Found a corrupted altar of Lugonu.
  9880 | Abyss:2  | Noticed a thrashing horror
  9881 | Abyss:2  | Killed a thrashing horror
  9910 | Abyss:2  | Found a corrupted altar of Lugonu.
  9924 | Abyss:2  | Noticed a +1 long sword of holy wrath
  9932 | Abyss:2  | Killed a +1 long sword of holy wrath
  9932 | Abyss:2  | Reached skill level 5 in Dodging
  9954 | Abyss:2  | Reached skill level 12 in Axes
  9967 | Abyss:2  | Gained mutation: You are frail. (-10% HP) [a neqoxec]
  9984 | Abyss:2  | Noticed a bone dragon
  9998 | Abyss:2  | HP: 3/78 [large abomination (24)]
  9998 | Abyss:2  | Mangled by a bone dragon

Illustrated notes

Levels and vault maps discovered:
D:1:      evilmike_arrival_crescent, layout_loops_ring,
          kennysheep_decorative_pillar, nicolae_ashenzari_panopticon
D:2:      layout_basic, minmay_fractal_squares_5, uniq_robin
D:3:      layout_loops_ring, lemuel_round_altar, first_ration,
          grunt_gozag_statues, uniq_crazy_yiuf_cottage
D:4:      layout_basic, kennysheep_little_box
D:5:      layout_basic, kennysheep_slug_shrine, vehumet_altar_wand_db,
          lemuel_round_altar, minmay_temple_entry_junction, serial_shops, shop
D:6:      layout_layer_cave, nicolae_overflow_crystal_walls, uniq_maggie
D:7:      layout_basic, marbit_many_paths, nemelex_altar_shiori,
          nicolae_dithmenos_through_a_glass_darkly, nemelex_diamond_rough_becter
D:8:      layout_rooms, grunt_qazlal_sundering, minmay_lair_entry_grove
D:9:      layout_irregular_city, orc_0_dummy, uniq_grum
D:10:     layout_roguey, uniq_psyche
D:11:     layout_loops_corners, hangedman_ranch [blue_anna_fruit_fields],
          chequers_serial_rivers_micro_d, uniq_harold, uniq_snorg, uniq_sonja,
          uniq_erolcha
Temple:   minmay_temple_forest_path
Abyss:2:  base: D:8, evilmike_abyss_exit_13, due_exit_kobolds, minivault_11

Skill      XL: |  1  2  3  4  5  6  7  8  9 10 11 |
---------------+----------------------------------+-----
Axes           | 2 3 4 5 7 9 10 12 | 12.0
Shields        | 3 4 5 6 |  6.5
Armour         | 3 4 5 6 |  6.0
Dodging        | 1 2 3 4 5 |  5.0
Fighting       | 4 5 6 7 8 |  8.8
Throwing       | 1 2 3 |  3.3
Stealth        | 2 3 |  3.0
Evocations     | |  0.1

Action                   |  1- 3 |  4- 6 |  7- 9 | 10-12 || total
-------------------------+-------+-------+-------+-------++-------
Melee: War axe           |    97 |   256 |   301 |   350 ||  1004
       Headbutt          |     7 |    41 |    58 |    57 ||   163
Throw: Javelin           |       |       |    41 |     2 ||    43
       Boomerang         |       |       |     3 |    12 ||    15
Invok: Berserk           |       |       |       |     4 ||     4
       Brothers in Arms  |       |       |       |     2 ||     2
Evoke: Wand              |       |       |     2 |       ||     2
  Use: Potion            |       |     1 |       |     4 ||     5
       Scroll            |       |       |    14 |     9 ||    23
 Stab: Sleeping          |       |       |     1 |     1 ||     2
       Distracted        |       |       |       |     1 ||     1
  Eat: Chunk             |       |    10 |    12 |    12 ||    34
Armor: Scale mail        |    68 |    88 |    63 |       ||   219
       Acid dragon scale |       |       |    57 |    93 ||   150
Dodge: Dodged            |    34 |    88 |   111 |   164 ||   397
Block: Kite shield       |    42 |   148 |   157 |   186 ||   533
